 Dungeon Crawl Stone Soup version 0.29-a0-330-g52719c12eb (webtiles) character file.

Game seed: 1361747146791519978

3342 kae the Firebug (level 9, -9/62 HPs)
             Began as a Demigod Fire Elementalist on May 1, 2022.
             Engulfed by a cloud of flame (19 damage)
             ... on level 8 of the Dungeon.
             The game lasted 00:06:44 (10954 turns).

kae the Firebug (Demigod Fire Elementalist)        Turns: 10954, Time: 00:06:44

Health: -9/62      AC:  6    Str:  9    XL:     9   Next: 44%
Magic:  18/23      EV: 26    Int: 35    God:
Gold:   792        SH:  3    Dex: 14    Spells: 9/22 levels left

rFire   . . .      SeeInvis .   e - +1 club (protect)
rCold   . . .      Faith    .   B - +0 buckler
rNeg    . . .      Spirit   .   a - +0 robe
rPois   .          Reflect  .   x - +1 helmet
rElec   .          Harm     .   i - +1 cloak
rCorr   +          Rampage  .   (no gloves)
Will    .....                   (no boots)
Stlth   ++........              p - amulet of the acrobat
HPRegen 0.20/turn               f - +6 ring of intelligence
MPRegen 0.18/turn               g - ring of resist corrosion

@: acrobatic
A: high MP 1, forlorn, divine attributes
a: no special abilities


You were on level 8 of the Dungeon.
You visited 1 branch of the dungeon, and saw 8 of its levels.

You collected 792 gold pieces.

Inventory:

Hand Weapons
 e - a +1 club of protection (weapon)
Armour
 a - a +0 robe (worn)
 i - a +1 cloak (worn)
 x - a +1 helmet (worn)
 B - a +0 buckler (worn)
Jewellery
 f - a +6 ring of intelligence (left hand)
 g - a ring of resist corrosion (right hand)
 p - an amulet of the acrobat (around neck)
 u - an amulet of guardian spirit
Wands
 r - a wand of polymorph (9)
 w - a wand of flame (12)
 y - a wand of charming (5)
Scrolls
 c - 5 scrolls of teleportation
 k - 2 scrolls of amnesia
 m - 3 scrolls of blinking
 n - 3 scrolls of enchant weapon
 s - 2 scrolls of fear
Potions
 b - a potion of magic
 d - 5 potions of curing
 h - 7 potions of heal wounds
 j - 2 potions of attraction
 l - 2 potions of ambrosia
 o - a potion of lignification
 q - 2 potions of brilliance {unknown}
 t - a potion of mutation {unknown}
 v - a potion of berserk rage {unknown}
 z - 2 potions of cancellation {unknown}
 A - a potion of might {unknown}


   Skills:
 - Level 1.7 Dodging
 - Level 1.7 Stealth
 + Level 7.0 Spellcasting
 + Level 7.3 Conjurations
 + Level 7.8 Fire Magic


You had 9 spell levels left.
You knew the following spells:

 Your Spells              Type           Power      Damage    Failure   Level
a - Foxfire               Conj/Fire      100%       2x1d9     1%          1
b - Scorch                Fire           100%       2d10      1%          2
c - Conjure Flame         Conj/Fire      60%        6-21      1%          3
d - Inner Flame           Hex/Fire       39%        N/A       2%          3
e - Flame Wave            Conj/Fire      60%        2d12      1%          4

Your spell library contained the following spells:

 Spells                   Type           Power      Damage    Failure   Level


Dungeon Overview and Level Annotations

Branches:
Dungeon (8/15)             Temple (0/1) D:6
   Lair: D:8-11

Shops:
D:6 ((

Annotations:
D:2 1 runed translucent door, Crazy Yiuf
D:6 Grinder


Innate Abilities, Weirdness & Mutations

You have an increased reservoir of magic. (+10% MP)
You shall have no god before yourself.
Your divine heritage dramatically boosts your attributes as you level up.


Message History

Things that are here:
a +0 flail; 9 stones; a +0 scale mail A bullfrog comes into view.
Found an escape hatch in the ceiling and an escape hatch in the floor.
The bullfrog croaks.
A bullfrog is nearby!
A bullfrog is nearby!
A bullfrog is nearby!
Casting: Foxfire (safe; 1% risk of failure)
Confirm with . or Enter, or press ? or * to list all spells.
You conjure some foxfire!
The foxfire hits the bullfrog.
The bullfrog is moderately wounded.
The foxfire hits the bullfrog.
The bullfrog is moderately wounded.
Casting: Foxfire (safe; 1% risk of failure)
Confirm with . or Enter, or press ? or * to list all spells.
Aiming: Inner Flame (dangerous; 2% risk of failure)
Press: ? - help, Dir - move target, f - bullfrog
Aim: a bullfrog (moderately wounded, chance to affect: 89%)
The bullfrog is filled with an inner flame.
Casting: Inner Flame (dangerous; 2% risk of failure)
Confirm with . or Enter, or press ? or * to list all spells.
You conjure some foxfire!
The bullfrog barely misses you.
The foxfire hits the bullfrog.
Flame seeps out of the bullfrog.
The bullfrog is moderately wounded.
The foxfire hits the bullfrog!
Flame seeps out of the bullfrog.
The bullfrog is almost dead.
The bullfrog is engulfed in blazing flames.
The bullfrog explodes!
The fiery explosion engulfs you!!
Ouch! That really hurt!
You hear a shout!
Your Spellcasting skill increases to level 7!
Casting: Foxfire (safe; 1% risk of failure)
Confirm with . or Enter, or press ? or * to list all spells.
You conjure some foxfire!
You are engulfed in blazing flames.
* * * LOW HITPOINT WARNING * * *
You are engulfed in blazing flames.
You die...

...<...##...#..........#
................)......#
.......................#
..............)........#
#...............)......#
#.#..........#..).....##
#......##.>.###......##
..###############)####
..# ......v@..# ..#
......°§v.# ...#
.....§§§..# .....
...#.####..# ..##.#
##... .... .<. ..# #.#
....< .... .> ... ......
..... .> .....


There were no monsters in sight!

Vanquished Creatures
  A deep elf pyromancer (D:7)
  Joseph (D:7)
  Prince Ribbit (D:6)
  A wyvern (D:7)
  A steam dragon (D:6)
  A sky beast (D:7)
  An ice beast (D:6)
  2 orc warriors
  An ogre (D:5)
  A black bear (D:4)
  3 centaurs (D:6)
  A phantom (D:7)
  A gnoll sergeant (D:7)
  2 bullfrogs
  2 scorpions
  3 wights (D:7)
  A howler monkey (D:7)
  3 jellies
  2 orc priests
  A gnoll shaman (D:5)
  4 hounds
  Ijyb (D:5)
  2 iguanas
  5 orc wizards
  7 gnolls
  11 adders
  4 worms
  A dart slug (D:4)
  23 orcs
  6 bats
  10 endoplasms
  5 giant cockroaches
  4 goblins
  7 hobgoblins
  3 jackals
  4 quokkas
  11 ball pythons
  A frilled lizard (D:1)
  3 kobolds
  6 rats
148 creatures vanquished.

Vanquished Creatures (others)
  563 foxfires
  A plant (D:6)
564 creatures vanquished.

Grand Total: 712 creatures vanquished

Notes
Turn   | Place    | Note
-------+----------+-------------------------------------------
     0 | D:1      | kae the Demigod Fire Elementalist began the quest for the
                  | Orb.
     0 | D:1      | Reached XP level 1. HP: 14/14 MP: 5/5
    63 | D:1      | Reached skill level 1 in Conjurations
   641 | D:1      | Reached XP level 2. HP: 20/20 MP: 5/7
  1457 | D:2      | Reached XP level 3. HP: 26/26 MP: 5/9
  1915 | D:2      | Found a runed translucent door.
  1916 | D:2      | Noticed Crazy Yiuf
  2463 | D:2      | Learned a level 2 spell: Scorch
  2718 | D:2      | Learned a level 3 spell: Conjure Flame
  3264 | D:3      | Identified the +1 ring mail of the Scars {Stlth+}
  3274 | D:3      | Reached XP level 4. HP: 33/33 MP: 8/10
  4501 | D:4      | Reached XP level 5. HP: 38/38 MP: 8/12
  4562 | D:4      | Noticed a black bear
  4728 | D:4      | Learned a level 3 spell: Inner Flame
  5206 | D:4      | Killed a black bear
  5659 | D:4      | Reached XP level 6. HP: 45/45 MP: 8/14
  5994 | D:5      | Entered Level 5 of the Dungeon
  6417 | D:5      | Noticed Ijyb
  6429 | D:5      | Killed Ijyb
  6606 | D:5      | Reached XP level 7. HP: 50/50 MP: 5/16
  6611 | D:5      | Learned a level 4 spell: Flame Wave
  7201 | D:6      | Noticed Grinder
  7239 | D:6      | Reached skill level 5 in Fire Magic
  7555 | D:6      | Noticed a steam dragon
  7563 | D:6      | Killed a steam dragon
  7830 | D:6      | Found Emam's Hydra Hut.
  7833 | D:6      | Found a staircase to the Ecumenical Temple.
  7834 | D:6      | Noticed a seven-headed hydra
  7922 | D:6      | Noticed Prince Ribbit
  7931 | D:6      | Killed Prince Ribbit
  7932 | D:6      | Reached skill level 5 in Spellcasting
  7932 | D:6      | Reached skill level 5 in Conjurations
  7937 | D:6      | Reached XP level 8. HP: 41/57 MP: 10/19
  8045 | D:6      | Found Jihot's Antique Weapon Shop.
  9554 | D:7      | Noticed Joseph
  9681 | D:7      | Noticed a deep elf pyromancer
  9695 | D:7      | Killed a deep elf pyromancer
  9696 | D:7      | Reached XP level 9. HP: 62/62 MP: 10/22
  9743 | D:7      | Killed Joseph
 10954 | D:8      | Engulfed by a cloud of flame

Illustrated notes

Levels and vault maps discovered:
D:1:      erik_arrival_orb_chamber, layout_loops_cross, basic_ecumenical_altar
D:2:      layout_loops_ring, uniq_crazy_yiuf_cottage
D:3:      layout_loops_ring, beargit_hepliaklqana_dungeon_heroes,
          cheibrodos_sewer_entry_bend, chequers_serial_rivers_micro_c,
          minmay_mini_jars
D:4:      minmay_polygon_palace, layout_layer_cave
D:5:      layout_basic, uniq_ijyb
D:6:      layout_rooms, minmay_temple_entry_statues_fountains, serial_shops,
          shop_fountains, hangedman_abyss_or_decor_passed, grunt_ministairs_11,
          minmay_door_square, minivault_5, kennysheep_donut,
          doesnt_shop_hydraphobe, uniq_prince_ribbit1, uniq_grinder
D:7:      layout_loops_corners, chequers_serial_rivers_micro_e, uniq_joseph
D:8:      layout_rooms, enter_ossuary_4, uniq_erica, uniq_maggie, uniq_grum

Skill      XL: |  1  2  3  4  5  6  7  8  9 |
---------------+----------------------------+-----
Conjurations   | 1 2 3 4 5 6 7 |  7.3
Spellcasting   | 2 3 4 5 6 7 |  7.0
Fire Magic     | 3 4 5 7 |  7.8
Dodging        | |  1.7
Stealth        | |  1.7

Action                   |  1- 3 |  4- 6 |  7- 9 || total
-------------------------+-------+-------+-------++-------
Melee: Unarmed           |     2 |       |       ||     2
       Club              |     2 |     1 |     1 ||     4
 Cast: Foxfire           |   110 |   117 |   119 ||   346
       Scorch            |     4 |     9 |    27 ||    40
       Conjure Flame     |       |     4 |     3 ||     7
       Flame Wave        |       |       |     3 ||     3
       Inner Flame       |       |       |    12 ||    12
  Use: Scroll            |     5 |     5 |     6 ||    16
       Potion            |       |       |     1 ||     1
 Stab: Sleeping          |       |       |     1 ||     1
Armor: Robe              |     7 |     4 |    10 ||    21
Dodge: Dodged            |    19 |    27 |    80 ||   126
Block: Buckler           |       |       |     1 ||     1

Table legend: (Time is in decaauts)
 A = Elapsed time spent in this place.
 B = Non-inter-level travel time spent in this place.
 C = Inter-level travel time spent in this place.
 D = Time resting spent in this place.
 E = Time spent auto-exploring this place.
 F = Levels seen in this place.
 G = Mean time per level.
                   A        B        C        D        E       F      G
               +--------+--------+--------+--------+--------+-----+--------+
         Total |  10959 |  10496 |    463 |    304 |   8865 |   8 | 1369.9 |
       Dungeon |  10959 |  10496 |    463 |    304 |   8865 |   8 | 1369.9 |
               +--------+--------+--------+--------+--------+-----+--------+

Top non-repeatable levels by time:
     D:7: 2193 daAuts
     D:4: 2118 daAuts
     D:2: 1416 daAuts
     D:6: 1389 daAuts
     D:1: 1358 daAuts
     D:5: 1206 daAuts
     D:3: 1106 daAuts
     D:8: 170 daAuts
